TOP OF THE 1ST |
---|
Nassau Rockets batting - Pitching for Nevada Noise : RHP Arthur López | Pitching: RHP Arthur López | | Batting: LHB Andrew Alvarado | 0-0: Swinging Strike 0-1: Called Strike 0-2: Ball 1-2: Foul Ball, location: 2F 1-2: Foul Ball, location: 2F 1-2: Ball 2-2: Strikes out looking | Batting: SHB Joaquín López | 0-0: Ground out U3 (Groundball, 34) | Batting: LHB Rafael Delgado | 0-0: Ball 1-0: Called Strike 1-1: Ground out 5-3 (Groundball, 56S) | Top of the 1st over - 0 runs, 0 hits, 0 errors, 0 left on base; Nassau 0 - Nevada 0 | BOTTOM OF THE 1ST |
---|
Nevada Noise batting - Pitching for Nassau Rockets : RHP Armando Avilés | Pitching: RHP Armando Avilés | | Batting: RHB Fernando Gálvez | 0-0: Ball 1-0: Called Strike 1-1: Called Strike 1-2: Foul Ball, location: 2F 1-2: Foul Ball, location: 2F 1-2: Ball 2-2: Ball 3-2: SINGLE (Groundball, 6MD) | Batting: SHB Víctor Serrano | 0-0: DOUBLE (Groundball, 3L) Fernando Gálvez to third Runner from 3rd tries for Home, SAFE, throw made at trailing runner, OUT at third! | Batting: LHB Santiago Márquez | 0-0: Foul Ball, location: 2F 0-1: Ball 1-1: Ball 2-1: Ball 3-1: Base on Balls | Batting: RHB Luis Cruz | 0-0: Ball 1-0: Swinging Strike 1-1: Foul Ball, location: 2F 1-2: Strikes out swinging | Batting: LHB Pablo Reyes | 0-0: Foul Ball, location: 2F 0-1: Ball 1-1: Swinging Strike 1-2: Strikes out swinging | Bottom of the 1st over - 1 run, 2 hits, 0 errors, 1 left on base; Nassau 0 - Nevada 1 | TOP OF THE 2ND |
---|
Nassau Rockets batting - Pitching for Nevada Noise : RHP Arthur López | Batting: LHB Juan Romero | 0-0: Ball 1-0: Fly out, F7 (Flyball, 7S) | Batting: SHB Edgardo Osorio | 0-0: SINGLE (Groundball, 6S) (infield hit) | Pitching: RHP Luis Cortéz | | Batting: RHB John Anderson | 0-0: Called Strike 0-1: Foul Ball, location: 2F 0-2: Ball 1-2: Ball 2-2: SINGLE (Groundball, 4MD) Edgardo Osorio to second Edgardo Osorio to third | Batting: LHB Don Ramey | 0-0: Ball 1-0: Ball 2-0: Called Strike 2-1: Fly out, F8 (Line Drive, 8RD) Runner from 3rd tags up, OUT at HOME | Top of the 2nd over - 0 runs, 2 hits, 0 errors, 1 left on base; Nassau 0 - Nevada 1 | BOTTOM OF THE 2ND |
---|
Nevada Noise batting - Pitching for Nassau Rockets : RHP Armando Avilés | Batting: RHB Rich Ruffin | 0-0: Ball 1-0: Foul Ball, location: 2F 1-1: Ball 2-1: Foul Ball, location: 2F 2-2: Foul Ball, location: 2F 2-2: Ground out U3 (Groundball, 34S) | Batting: LHB Milton Watson | 0-0: Ball 1-0: Called Strike 1-1: Foul Ball, location: 2F 1-2: Ball 2-2: DOUBLE (Line Drive, 78D) | Batting: RHB Bill Mark | 0-0: Fly out, F8 (Line Drive, 8LD) | Batting: RHB Max Jones | 0-0: Ball 1-0: Ball 2-0: Called Strike 2-1: Swinging Strike 2-2: Fly out, F7 (Flyball, 7LSF) | Bottom of the 2nd over - 0 runs, 1 hit, 0 errors, 1 left on base; Nassau 0 - Nevada 1 | TOP OF THE 3RD |
---|
Nassau Rockets batting - Pitching for Nevada Noise : RHP Luis Cortéz | Batting: RHB Salvador Borbón | 0-0: Ball 1-0: Called Strike 1-1: Ball 2-1: Ball 3-1: Foul Ball, location: 2F 3-2: Foul Ball, location: 2F 3-2: Base on Balls | Batting: LHB Wilson Allen | 0-0: Ball 1-0: Fly out, F4 (Flyball, 34D) | Batting: LHB Andrew Alvarado | 0-0: Foul Ball, location: 2F 0-1: Called Strike 0-2: Ball 1-2: SINGLE (Line Drive, 78S) Salvador Borbón to second | Batting: SHB Joaquín López | 0-0: Ball 1-0: Ball 2-0: Called Strike 2-1: SINGLE (Line Drive, 9S) Salvador Borbón to third Andrew Alvarado to second | Batting: LHB Rafael Delgado | 0-0: Foul Ball, location: 2F 0-1: Foul Ball, location: 2F 0-2: Ball 1-2: Ball 2-2: Foul Ball, location: 2F 2-2: Ball 3-2: Base on Balls Salvador Borbón scores Andrew Alvarado to third Joaquín López to second | Batting: LHB Juan Romero | 0-0: Ball 1-0: Swinging Strike 1-1: Foul Ball, location: 2F 1-2: Foul Ball, location: 2F 1-2: Foul Ball, location: 2F 1-2: Ball 2-2: Fielders Choice at 2nd, 3-6 (Groundball, 34) Andrew Alvarado scores Joaquín López to third | Batting: SHB Edgardo Osorio | 0-0: Ball 1-0: Fly out, F8 (Line Drive, 8LD) | Top of the 3rd over - 2 runs, 2 hits, 0 errors, 2 left on base; Nassau 2 - Nevada 1 | BOTTOM OF THE 3RD |
---|
Nevada Noise batting - Pitching for Nassau Rockets : RHP Armando Avilés | Batting: RHB Fernando Gálvez | 0-0: Ball 1-0: Ball 2-0: Ball 3-0: Base on Balls | Batting: SHB Víctor Serrano | 0-0: Foul Ball, location: 2F 0-1: Called Strike 0-2: Ball 1-2: Strikes out swinging | Batting: LHB Santiago Márquez | 0-0: Ball 1-0: Called Strike 1-1: Ball 2-1: Foul Ball, location: 2F 2-2: Ball 3-2: Base on Balls Fernando Gálvez to second | Batting: RHB Luis Cruz | 0-0: Fly out, F7 (Flyball, 78D) | Batting: LHB Pablo Reyes | 0-0: Called Strike 0-1: Called Strike 0-2: Ball 1-2: Ball 2-2: Fly out, F8 (Flyball, 8RS) | Bottom of the 3rd over - 0 runs, 0 hits, 0 errors, 2 left on base; Nassau 2 - Nevada 1 | TOP OF THE 4TH |
---|
Nassau Rockets batting - Pitching for Nevada Noise : RHP Luis Cortéz | Batting: RHB John Anderson | 0-0: Ground out 4-3 (Groundball, 34) | Batting: LHB Don Ramey | 0-0: Called Strike 0-1: Ball 1-1: Called Strike 1-2: Ball 2-2: Foul Ball, location: 2F 2-2: Foul Ball, location: 2F 2-2: Foul Ball, location: 2F 2-2: Ground out 4-3 (Groundball, 34D) | Batting: RHB Salvador Borbón | 0-0: Ball 1-0: Called Strike 1-1: Ball 2-1: Called Strike 2-2: Ball 3-2: Base on Balls | Batting: LHB Wilson Allen | 0-0: Called Strike 0-1: Ball 1-1: Foul Ball, location: 2F 1-2: Foul Ball, location: 2F 1-2: TRIPLE (Flyball, 89XD) Salvador Borbón scores | Batting: LHB Andrew Alvarado | 0-0: Ball 1-0: SINGLE (Line Drive, 9S) Wilson Allen scores | Pitching: RHP Toshikasu Kiyomizu | | Batting: SHB Joaquín López | 0-0: Called Strike 0-1: Fielders Choice at 2nd, 6-4 (Groundball, 6) | Top of the 4th over - 2 runs, 2 hits, 0 errors, 1 left on base; Nassau 4 - Nevada 1 | BOTTOM OF THE 4TH |
---|
Nevada Noise batting - Pitching for Nassau Rockets : RHP Armando Avilés | Batting: RHB Rich Ruffin | 0-0: Ball 1-0: Ball 2-0: Ball 3-0: Called Strike 3-1: Base on Balls | Batting: LHB Milton Watson | 0-0: Called Strike 0-1: Ball 1-1: Ball 2-1: Ball 3-1: Base on Balls Rich Ruffin to second | Batting: RHB Bill Mark | 0-0: Called Strike 0-1: Ball 1-1: Ball 2-1: Foul Ball, location: 2F 2-2: Ball 3-2: Foul Ball, location: 2F 3-2: Foul Ball, location: 2F 3-2: Foul Ball, location: 2F 3-2: Foul Ball, location: 2F 3-2: Fly out, F8 (Flyball, 8LS) | Batting: RHB Max Jones | 0-0: Called Strike 0-1: Ball 1-1: Swinging Strike 1-2: Strikes out looking | Batting: RHB Fernando Gálvez | 0-0: Called Strike 0-1: Called Strike 0-2: Ball 1-2: Foul Ball, location: 2F 1-2: Foul Ball, location: 2F 1-2: Ground out 4-3 (Groundball, 4) | Bottom of the 4th over - 0 runs, 0 hits, 0 errors, 2 left on base; Nassau 4 - Nevada 1 | TOP OF THE 5TH |
---|
Nassau Rockets batting - Pitching for Nevada Noise : RHP Toshikasu Kiyomizu | Batting: LHB Rafael Delgado | 0-0: Swinging Strike 0-1: Foul Ball, location: 2F 0-2: Foul Ball, location: 2F 0-2: Ball 1-2: Foul Ball, location: 2F 1-2: SINGLE (Groundball, 34D) | Batting: LHB Juan Romero | 0-0: Ball 1-0: Called Strike 1-1: Swinging Strike 1-2: Grounds into double play, 4-6-3 (Groundball, 4) | Batting: SHB Edgardo Osorio | 0-0: Called Strike 0-1: Foul Ball, location: 2F 0-2: Ground out U3 (Groundball, 3) | Top of the 5th over - 0 runs, 1 hit, 0 errors, 0 left on base; Nassau 4 - Nevada 1 | BOTTOM OF THE 5TH |
---|
Nevada Noise batting - Pitching for Nassau Rockets : RHP Armando Avilés | Batting: SHB Víctor Serrano | 0-0: Foul Ball, location: 2F 0-1: Ball 1-1: Ball 2-1: Ball 3-1: Foul Ball, location: 2F 3-2: SINGLE (Line Drive, 8LS) | Pitching: RHP Jason Drake | | Batting: LHB Santiago Márquez | 0-0: Swinging Strike 0-1: Called Strike 0-2: Ball Wild Pitch! Víctor Serrano to second 1-2: Ball 2-2: Ball 3-2: Ground out 5-3 (Groundball, 5) | Batting: RHB Luis Cruz | 0-0: Ball 1-0: Called Strike 1-1: Called Strike 1-2: Strikes out swinging | Batting: LHB Pablo Reyes | 0-0: Called Strike 0-1: SINGLE (Line Drive, 7S) Víctor Serrano to third Runner from 3rd tries for Home, SAFE, no throw | Batting: RHB Rich Ruffin | 0-0: Ball Balk! Pablo Reyes to second 1-0: Ground out 5-3 (Groundball, 56S) | Bottom of the 5th over - 1 run, 2 hits, 0 errors, 1 left on base; Nassau 4 - Nevada 2 | TOP OF THE 6TH |
---|
Nassau Rockets batting - Pitching for Nevada Noise : RHP Toshikasu Kiyomizu | Batting: RHB John Anderson | 0-0: Ball 1-0: Ball 2-0: Foul Ball, location: 2F 2-1: Foul Ball, location: 2F 2-2: Ball 3-2: Strikes out looking | Batting: LHB Don Ramey | 0-0: Ball 1-0: Ball 2-0: Ball 3-0: Called Strike 3-1: Base on Balls | Batting: RHB Salvador Borbón | 0-0: Called Strike 0-1: Foul Ball, location: 2F 0-2: SINGLE (Groundball, 6MD) Don Ramey to second Runner from 2nd tries for 3rd, OUT! | Batting: LHB Wilson Allen | 0-0: Ball Wild Pitch! Salvador Borbón to second 1-0: Ball 2-0: Ball 3-0: Called Strike 3-1: Swinging Strike 3-2: Strikes out looking | Top of the 6th over - 0 runs, 1 hit, 0 errors, 1 left on base; Nassau 4 - Nevada 2 | BOTTOM OF THE 6TH |
---|
Nevada Noise batting - Pitching for Nassau Rockets : RHP Jason Drake | Batting: LHB Milton Watson | 0-0: Ball 1-0: Foul Ball, location: 2F 1-1: Ball 2-1: Called Strike 2-2: Ball 3-2: Foul Ball, location: 2F 3-2: Ground out 6-3 (Groundball, 6) | Batting: RHB Bill Mark | 0-0: Ball 1-0: Swinging Strike 1-1: Swinging Strike 1-2: Ball 2-2: Ball 3-2: Strikes out swinging | Batting: RHB Max Jones | 0-0: Ball 1-0: Swinging Strike 1-1: Ground out 6-3 (Groundball, 6) | Bottom of the 6th over - 0 runs, 0 hits, 0 errors, 0 left on base; Nassau 4 - Nevada 2 | TOP OF THE 7TH |
---|
Nassau Rockets batting - Pitching for Nevada Noise : RHP Toshikasu Kiyomizu | Batting: LHB Andrew Alvarado | 0-0: Foul Ball, location: 2F 0-1: Foul Ball, location: 2F 0-2: Ball 1-2: Ball 2-2: Ball 3-2: Foul Ball, location: 2F 3-2: Foul Ball, location: 2F 3-2: Base on Balls | Batting: SHB Joaquín López | 0-0: Called Strike 0-1: Ball 1-1: Ball 2-1: Foul Ball, location: 2F 2-2: Ball 3-2: Strikes out swinging | Batting: LHB Rafael Delgado | 0-0: Ball 1-0: Ball 2-0: Called Strike 2-1: Fly out, F7 (Flyball, 7LS) | Batting: LHB Juan Romero | 0-0: Swinging Strike 0-1: Fielders Choice at 2nd, U6 (Groundball, 6M) | Top of the 7th over - 0 runs, 0 hits, 0 errors, 1 left on base; Nassau 4 - Nevada 2 | BOTTOM OF THE 7TH |
---|
Nevada Noise batting - Pitching for Nassau Rockets : RHP Jason Drake | Pitching: RHP Guan-cai Yong | | Batting: RHB Fernando Gálvez | 0-0: Called Strike 0-1: Ball 1-1: Ball 2-1: Foul Ball, location: 2F 2-2: Foul Ball, location: 2F 2-2: Ball 3-2: DOUBLE (Flyball, 8RD) | Batting: SHB Víctor Serrano | 0-0: Ball 1-0: Ball 2-0: Fly out, F9 (Flyball, 89D) Runner from 2nd tags up, SAFE at 3rd, no throw | Batting: LHB Santiago Márquez | 0-0: Ball 1-0: Ball 2-0: Ball Wild Pitch! Fernando Gálvez scores 3-0: Called Strike 3-1: Called Strike 3-2: Foul Ball, location: 2F 3-2: Base on Balls | Batting: RHB Luis Cruz | 0-0: Ball 1-0: Called Strike 1-1: Ball 2-1: Ball 3-1: Called Strike 3-2: Strikes out looking | Batting: LHB Pablo Reyes | 0-0: Ball Wild Pitch! Santiago Márquez to second 1-0: Called Strike 1-1: SINGLE (Groundball, 56D) Santiago Márquez to third Runner from 3rd tries for Home, SAFE, no throw | Batting: RHB Rich Ruffin | 0-0: Ball 1-0: Called Strike 1-1: Ball 2-1: Fly out, F9 (Flyball, 9S) | Bottom of the 7th over - 2 runs, 2 hits, 0 errors, 1 left on base; Nassau 4 - Nevada 4 | TOP OF THE 8TH |
---|
Nassau Rockets batting - Pitching for Nevada Noise : RHP Toshikasu Kiyomizu | Batting: SHB Edgardo Osorio | 0-0: Ball 1-0: Ball 2-0: Called Strike 2-1: Foul Ball, location: 2F 2-2: SINGLE (Groundball, 34D) | Batting: RHB John Anderson | 0-0: Ball 1-0: Foul Ball, location: 2F 1-1: Fly out, F9 (Line Drive, 9LM) | Batting: LHB Don Ramey | 0-0: Ball 1-0: Foul Ball, location: 2F 1-1: Ball 2-1: SINGLE (Line Drive, 78S) Edgardo Osorio to second | Batting: RHB Salvador Borbón | 0-0: Called Strike 0-1: Called Strike 0-2: Ball 1-2: Strikes out swinging | Batting: LHB Wilson Allen | 0-0: Called Strike 0-1: Ball 1-1: Ball 2-1: Called Strike 2-2: DOUBLE (Flyball, 78D) Edgardo Osorio scores Don Ramey to third | Batting: LHB Andrew Alvarado | 0-0: Ball 1-0: Ground out 1-3 (Groundball, P) | Top of the 8th over - 1 run, 3 hits, 0 errors, 2 left on base; Nassau 5 - Nevada 4 | BOTTOM OF THE 8TH |
---|
Nevada Noise batting - Pitching for Nassau Rockets : RHP Guan-cai Yong | Batting: LHB Milton Watson | 0-0: Ball 1-0: Foul Ball, location: 2F 1-1: Fly out, F6 (Popup, 6) | Batting: RHB Bill Mark | 0-0: Ball 1-0: Called Strike 1-1: Ball 2-1: Ball 3-1: Fly out, F9 (Flyball, 89D) | Batting: RHB Max Jones | 0-0: Foul Ball, location: 2F 0-1: Called Strike 0-2: Ground out 5-3 (Groundball, 56) | Bottom of the 8th over - 0 runs, 0 hits, 0 errors, 0 left on base; Nassau 5 - Nevada 4 | TOP OF THE 9TH |
---|
Nassau Rockets batting - Pitching for Nevada Noise : RHP Toshikasu Kiyomizu | Batting: SHB Joaquín López | 0-0: Ground out 1-3 (Groundball, 13S) | Batting: LHB Rafael Delgado | 0-0: Called Strike 0-1: Called Strike 0-2: Ball 1-2: Ball 2-2: Strikes out swinging | Batting: LHB Juan Romero | 0-0: Called Strike 0-1: Ball 1-1: Foul Ball, location: 2F 1-2: Ball 2-2: SINGLE (Groundball, 4MD) | Batting: SHB Edgardo Osorio | 0-0: Ball 1-0: Ball 2-0: Ball 3-0: Called Strike 3-1: Called Strike 3-2: Base on Balls Juan Romero to second | Batting: RHB John Anderson | 0-0: Ground out 3-1 (Groundball, 34S) | Top of the 9th over - 0 runs, 1 hit, 0 errors, 2 left on base; Nassau 5 - Nevada 4 | BOTTOM OF THE 9TH |
---|
Nevada Noise batting - Pitching for Nassau Rockets : RHP Guan-cai Yong | Batting: RHB Fernando Gálvez | 0-0: Foul Ball, location: 2F 0-1: Ball 1-1: Called Strike 1-2: Ball 2-2: Ball 3-2: Base on Balls | Pitching: RHP Suezo Morimoto | | Batting: SHB Víctor Serrano | 0-0: Ball 1-0: Called Strike 1-1: Ball 2-1: Foul Ball, location: 2F 2-2: Ball 3-2: Ground out U3 (Groundball, 3) Fernando Gálvez to second | Batting: LHB Santiago Márquez | 0-0: Ball 1-0: Foul Ball, location: 2F 1-1: Ball 2-1: Ball 3-1: Base on Balls | Batting: RHB Luis Cruz | 0-0: Ball 1-0: Fly out, F8 (Flyball, 8LXD) Runner from 2nd tags up, SAFE at 3rd, no throw | Batting: LHB Pablo Reyes | 0-0: Swinging Strike Passed Ball! Fernando Gálvez scores Santiago Márquez to second 0-1: Fly out, F7 (Line Drive, 78M) | Bottom of the 9th over - 1 run, 0 hits, 0 errors, 1 left on base; Nassau 5 - Nevada 5 | TOP OF THE 10TH |
---|
Nassau Rockets batting - Pitching for Nevada Noise : RHP Toshikasu Kiyomizu | Pitching: LHP Mark Murchison | | Batting: LHB Don Ramey | 0-0: Ball 1-0: Ground out 5-3 (Groundball, 5) | Batting: RHB Salvador Borbón | 0-0: Ball 1-0: Foul Ball, location: 2F 1-1: Foul Ball, location: 2F 1-2: Foul Ball, location: 2F 1-2: Foul Ball, location: 2F 1-2: Foul Ball, location: 2F 1-2: Strikes out swinging | Batting: LHB Wilson Allen | 0-0: Foul Ball, location: 2F 0-1: Swinging Strike 0-2: Ball 1-2: Strikes out swinging | Top of the 10th over - 0 runs, 0 hits, 0 errors, 0 left on base; Nassau 5 - Nevada 5 | BOTTOM OF THE 10TH |
---|
Nevada Noise batting - Pitching for Nassau Rockets : RHP Suezo Morimoto | Batting: RHB Rich Ruffin | 0-0: Foul Ball, location: 2F 0-1: SINGLE (Groundball, 56) (infield hit) | Batting: LHB Milton Watson | 0-0: Swinging Strike 0-1: Ball 1-1: Foul Ball, location: 2F 1-2: Ball 2-2: Ball 3-2: Base on Balls Rich Ruffin to second | Pinch Hitting: LHB Bob Smith | 0-0: Called Strike 0-1: Called Strike 0-2: Strikes out looking | Batting: RHB Max Jones | 0-0: Ball 1-0: Called Strike 1-1: Fly out, F5 (Line Drive, 5) Lined into DP, 5-4 (Line Drive, 5) | Bottom of the 10th over - 0 runs, 1 hit, 0 errors, 1 left on base; Nassau 5 - Nevada 5 | TOP OF THE 11TH |
---|
Nassau Rockets batting - Pitching for Nevada Noise : LHP Mark Murchison | Now at SS: Jorge Márquez | | Batting: LHB Andrew Alvarado | 0-0: Ball 1-0: Called Strike 1-1: Foul Ball, location: 2F 1-2: Strikes out swinging | Batting: SHB Joaquín López | 0-0: Ball 1-0: Ball 2-0: Ground out U3 (Groundball, 34) | Pinch Hitting: RHB Kenji Kudo | 0-0: Called Strike 0-1: Swinging Strike 0-2: Strikes out looking | Top of the 11th over - 0 runs, 0 hits, 0 errors, 0 left on base; Nassau 5 - Nevada 5 | BOTTOM OF THE 11TH |
---|
Nevada Noise batting - Pitching for Nassau Rockets : RHP Suezo Morimoto | Pitching: RHP Juan Franco | | Now in CF: Kenji Kudo | | Batting: RHB Fernando Gálvez | 0-0: Swinging Strike 0-1: Ground out 6-3 (Groundball, 6D) | Batting: SHB Víctor Serrano | 0-0: Called Strike 0-1: Ball 1-1: Called Strike 1-2: Foul Ball, location: 2F 1-2: SINGLE (Groundball, 4MD) | Pitching: LHP Dave Miller | | Batting: LHB Santiago Márquez | 0-0: Called Strike 0-1: Ball 1-1: Foul Ball, location: 2F 1-2: Strikes out swinging | Pitching: RHP Nolan Baker | | Batting: RHB Luis Cruz | 0-0: Fly out, F8 (Flyball, 8RD) | Bottom of the 11th over - 0 runs, 1 hit, 0 errors, 1 left on base; Nassau 5 - Nevada 5 | TOP OF THE 12TH |
---|
Nassau Rockets batting - Pitching for Nevada Noise : LHP Mark Murchison | Pitching: RHP Manuel González | | Batting: LHB Juan Romero | 0-0: Called Strike 0-1: Ground out 3-1 (Groundball, 34) | Batting: SHB Edgardo Osorio | 0-0: Swinging Strike 0-1: Fly out, F7 (Flyball, 78M) | Batting: RHB John Anderson | 0-0: Ball 1-0: Ball 2-0: Ball 3-0: Called Strike 3-1: Foul Ball, location: 2F 3-2: Base on Balls | Batting: LHB Don Ramey | 0-0: Ball 1-0: Swinging Strike 1-1: Swinging Strike 1-2: Strikes out looking | Top of the 12th over - 0 runs, 0 hits, 0 errors, 1 left on base; Nassau 5 - Nevada 5 | BOTTOM OF THE 12TH |
---|
Nevada Noise batting - Pitching for Nassau Rockets : RHP Nolan Baker | Batting: LHB Pablo Reyes | 0-0: Ball 1-0: Foul Ball, location: 2F 1-1: Called Strike 1-2: Strikes out looking | Batting: RHB Rich Ruffin | 0-0: Called Strike 0-1: Ball 1-1: Called Strike 1-2: Strikes out swinging | Batting: LHB Milton Watson | 0-0: Called Strike 0-1: Ball 1-1: Ball 2-1: Foul Ball, location: 2F 2-2: Ground out 5-3 (Groundball, 56) | Bottom of the 12th over - 0 runs, 0 hits, 0 errors, 0 left on base; Nassau 5 - Nevada 5 | TOP OF THE 13TH |
---|
Nassau Rockets batting - Pitching for Nevada Noise : RHP Elton Johnston | Pitching: RHP Elton Johnston | | Batting: RHB Salvador Borbón | 0-0: Swinging Strike 0-1: Ball 1-1: Swinging Strike 1-2: Foul Ball, location: 2F 1-2: Ground out 4-3 (Groundball, 4D) | Batting: LHB Wilson Allen | 0-0: Called Strike 0-1: Ball 1-1: Ball 2-1: Called Strike 2-2: Ball 3-2: Strikes out swinging | Batting: LHB Andrew Alvarado | 0-0: Ball 1-0: Ball 2-0: Called Strike 2-1: DOUBLE (Line Drive, 8LXD) | Batting: SHB Joaquín López | 0-0: Reached on error, E5 (Groundball, 5L) Andrew Alvarado to third | Pinch Hitting: LHB Doug Thompson | 0-0: Foul Ball, location: 2F 0-1: Called Strike 0-2: Ball 1-2: Strikes out looking | Top of the 13th over - 0 runs, 1 hit, 1 error, 2 left on base; Nassau 5 - Nevada 5 | BOTTOM OF THE 13TH |
---|
Nevada Noise batting - Pitching for Nassau Rockets : RHP Nolan Baker | Now in LF: Doug Thompson | | Batting: RHB Jorge Márquez | 0-0: Swinging Strike 0-1: Foul Ball, location: 2F 0-2: Foul Ball, location: 2F 0-2: Ball 1-2: Foul Ball, location: 2F 1-2: Ball 2-2: Fly out, F7 (Line Drive, 7) | Batting: RHB Max Jones | 0-0: Ball 1-0: Called Strike 1-1: Fly out, F7 (Flyball, 78M) | Batting: RHB Fernando Gálvez | 0-0: Ball 1-0: SINGLE (Flyball, 7S) | Batting: SHB Víctor Serrano | 0-0: Swinging Strike 0-1: DOUBLE (Groundball, 3D) Fernando Gálvez to third | Batting: LHB Santiago Márquez | 0-0: Ball 1-0: SINGLE (Flyball, 9S) Fernando Gálvez scores | Saturday, December 16th, 2017 - OOTP Baseball 18.8 Build 76 |
|